AoeStats
← chtken11

Four Lakes

510270573Analyzed
1v1 RM · 1d ago on Sep 30, 2026· 43m 20s· 2 players
Game mode
Random Map
Map size
Tiny (2 player)
Population
200
Speed
Normal
Resources
Standard
Victory
Conquest
Starting age
Dark Age
Ending age
Imperial Age
RankedLock teamsTeams togetherTeam positionsShared explorationLock speedFull tech treeHidden civsTurbo modeCheats
Victory
Defeat
🇦🇺 Goths · Australia
815
+18
🇫🇷 Saxons · France
869
-18
LOL Belier
0:50 Loom
12:15 Feudal Age
13:57 Wheelbarrow
13:12 Double-Bit Axe
15:48 Gold Mining
15:52 Fishing Lines
19:15 Castle Age
17:03 Town Watch
17:18 Arson
18:57 Stone Mining
20:38 Medium Warships
19:54 Pikeman
20:59 Bow Saw
21:28 Gillnets
22:02 Hand Cart
21:56 Squires
23:05 Forging
30:11 Gold Shaft Mining
31:39 Scale Mail Armor
31:31 Fletching
33:44 Gambesons
38:00 Imperial Age
38:12 Elite Varangian Guard
39:36 Iron Casting
39:17 Chain Mail Armor
chtken11
9:05 Loom
10:52 Feudal Age
13:52 Wheelbarrow
17:14 Castle Age
15:01 Double-Bit Axe
14:59 Horse Collar
18:48 Husbandry
19:01 Bloodlines
23:04 Man-at-Arms
23:45 Squires
24:05 Town Watch
27:01 Long Swordsman
34:18 Imperial Age
33:34 Gold Mining
33:35 Stone Mining
35:01 Hand Cart
35:55 Two-Handed Swordsman
38:55 Conscription
39:33 Champion
40:53 Forging
43:19 Iron Casting
42:45 Scale Mail Armor
Connection lost

Rejoining the realm…

Still unreachable

The connection could not be restored.

Session expired

The server has moved on; the page needs a fresh start.